 Dungeon Crawl Stone Soup version 0.30-a0-358-g0d69a1922f (webtiles) character file.

Game seed: 10778153793746728143

92 Tollund the Digger (level 5, -3/35 HPs)
             Began as a Meteoran Earth Elementalist on Nov 10, 2022.
             Slain by an orc
             ... wielding a +0 mace
              (6 damage)
             ... on level 3 of the Dungeon.
             The game lasted 00:03:06 (1138 turns).

Tollund the Digger (Meteoran Earth Elementalist)    Turns: 1138, Time: 00:03:06

Health: -3/35      AC:  2    Str: 10    XL:     5   Next: 14%
Magic:  0/11       EV: 12    Int: 18    God:
Gold:   108        SH:  0    Dex: 14    Spells: 7/11 levels left

rFire   . . .      SeeInvis .    l - +0 dagger (vamp)
rCold   . . .      Faith    .    (no shield)
rNeg    . . .      Spirit   .    a - +0 robe
rPois   .          Reflect  .    (no helmet)
rElec   .          Harm     .    (no cloak)
rCorr   .          Rampage  .    (no gloves)
Will    .....                    (no boots)
Stlth   +.........               g - amulet of regeneration
HPRegen 1.05/turn                (no ring)
MPRegen 0.12/turn                (no ring)

@: glowing
A: sense surroundings 1, otherworldly, glowing, explore regen
a: no special abilities


You were on level 3 of the Dungeon.
You visited 1 branch of the dungeon, and saw 3 of its levels.

You collected 108 gold pieces.


Innate Abilities, Weirdness & Mutations

You passively map a small area around you.
You are easily found by Zot.
You glow in the dark.
You regain HP and MP as you explore.


   Skills:
 + Level 1.7 Fighting
 - Level 2.4 Dodging
 - Level 1.4 Stealth
 + Level 3.5 Spellcasting
 * Level 1.8 Conjurations
 - Level 1.2 Transmutations
 * Level 4.9 Earth Magic


You had 7 spell levels left.
You knew the following spells:

 Your Spells              Type           Power      Damage    Failure   Level
a - Stone Arrow           Conj/Erth      30%        3d8       12%         3
s - Sandblast             Erth           40%        2d10      1%          1

Your spell library contained the following spells:

 Spells                   Type           Power      Damage    Failure   Level
 Passwall                 Tmut/Erth      11%        N/A       7%          2
 Wereblood                Tmut           7%         N/A       14%         2
 Sublimation of Blood     Necr           3%         N/A       24%         2
 Petrify                  Tmut/Erth      14%        N/A       41%         4
 Summon Hydra             Summ           1%         N/A       100%        7

Inventory:

Hand Weapons
 l - a +0 vampiric dagger (weapon)
   (You took it off a goblin on level 2 of the Dungeon)
Missiles
 d - 5 stones
Armour
 a - a +0 robe (worn)
Jewellery
 g - an amulet of regeneration (around neck)
   (You found it on level 2 of the Dungeon)
Scrolls
 c - a scroll of teleportation {unknown}
 f - a scroll of noise {unknown}
 h - a scroll of silence {unknown}
 j - a scroll of vulnerability {unknown}
 k - 2 scrolls of enchant armour {unknown}
 m - a scroll of acquirement {unknown}
 n - a scroll of enchant weapon {unknown}
 o - 2 scrolls of fear {unknown}
 q - a scroll of butterflies {unknown}
 r - a scroll of summoning {unknown}
 t - a scroll of blinking {unknown}
Potions
 b - a potion of magic
 e - a potion of haste {unknown}
 i - a potion of brilliance {unknown}
 p - 2 potions of resistance
 s - a potion of invisibility {unknown}

Dungeon Overview and Level Annotations

Branches:
Dungeon (3/15) Zot: 841

Altars:

###........##.........##......#
####...#.#......~~..♣♣♣P.~~.#
##..#...#....~~...P..^~~.#
#....####....P.♣♣.♣♣.P..#
##.....#####..♣♣ #...#.# ♣.♣
#...#.#####♣P. *
*#...##......♣[♣,
......##)@...P.♣ , .......
#.o.....P♣ #.#.....#......~~$.
, ..#....,#.#....~~.P* , ~ , ,
..#........ , , ..##!....... ,,
* #.# #........ , #.* #........
*


You could see an orc.


Message History

The blast of sand hits the orc.
You kill the orc!
The orc priest hits you with a +0 hand axe.
* * * LOW HITPOINT WARNING * * *
The orc priest barely misses you. ??
HP[-2] MP[-1]
You take 2 damage, and now have 9/28 hp.
You lost 1 mp, and now have 6/10 mp.
Aiming: Sandblast (safe; 2% risk of failure)
Press: ? - help, Q - select action, (/) - cycle Shift-Dir - straight line, f - orc
Aim: an orc, wielding a +0 club and wearing a +0 scale mail (85% to hit)
The blast of sand hits the orc.
The orc priest closely misses you. The orc barely misses you. ??
HP[+2] MP[-1]
You regained 2 hp, and now have 11/28 hp.
You lost 1 mp, and now have 5/10 mp.
Aiming: Sandblast (safe; 2% risk of failure)
Press: ? - help, Q - select action, (/) - cycle Shift-Dir - straight line, f/p - orc
Aim: an orc, wielding a +0 club and wearing a +0 scale mail (lightly wounded, 85% to hit)
The blast of sand hits the orc but does no damage.
The orc priest barely misses you. The orc hits you with a +0 club.
* * * LOW HITPOINT WARNING * * *
The orc priest barely misses you. The orc hits you with a +0 club.
* * * LOW HITPOINT WARNING * * *
??
HP[-3]
You take 3 damage, and now have 8/28 hp.
Aiming: Sandblast (safe; 2% risk of failure)
Press: ? - help, Q - select action, (/) - cycle Shift-Dir - straight line, f/p - orc
Aim: an orc, wielding a +0 club and wearing a +0 scale mail (lightly wounded, 85% to hit)
The blast of sand hits the orc!
You kill the orc!
The orc priest hits you with a +0 hand axe.
* * * LOW HITPOINT WARNING * * *
??
HP[-3] MP[-1]
You take 3 damage, and now have 5/28 hp.
You lost 1 mp, and now have 4/10 mp.
Aiming: Sandblast (safe; 2% risk of failure)
Press: ? - help, Q - select action, (/) - cycle Shift-Dir - straight line, f - orc priest
Aim: an orc priest, wielding a +0 hand axe and wearing a +0 leather armour (83% to hit)
The blast of sand hits the orc priest!
The orc priest hits you with a +0 hand axe.
* * * LOW HITPOINT WARNING * * *
The orc priest misses you. ??
HP[+1] MP[-1]
You lost 1 mp, and now have 3/10 mp.
Aiming: Sandblast (safe; 2% risk of failure)
Press: ? - help, Q - select action, (/) - cycle Shift-Dir - straight line, f/p - orc priest
Aim: an orc priest, wielding a +0 hand axe and wearing a +0 leather armour (heavily wounded, 83% to hit)
The blast of sand hits the orc priest!
You kill the orc priest!
You have reached level 5! ??
HP[+3] MP[-1]
You now have 35 max hp (+7).
You regained 3 hp, and now have 9/35 hp.
An orc comes into view. It is wielding a +0 mace.
Items here: $ )) [[ †. ??
HP[+3] MP[+1]
You regained 3 hp, and now have 12/35 hp.
Aiming: Sandblast (safe; 1% risk of failure)
Press: ? - help, Q - select action, (/) - cycle Shift-Dir - straight line, f - orc
Aim: an orc, wielding a +0 mace and wearing a +0 chain mail (wandering, hasn't noticed you, 87% to hit)
The blast of sand misses the orc.
The orc shouts! ??
HP[+2] MP[-1]
You regained 2 hp, and now have 14/35 hp.
You lost 1 mp, and now have 2/11 mp.
Aiming: Sandblast (safe; 1% risk of failure)
Press: ? - help, Q - select action, (/) - cycle Shift-Dir - straight line, f/p - orc
Aim: an orc, wielding a +0 mace and wearing a +0 chain mail (87% to hit)
The blast of sand hits the orc but does no damage. ??
HP[+1]
Aiming: Sandblast (safe; 1% risk of failure)
Press: ? - help, Q - select action, (/) - cycle Shift-Dir - straight line, f/p - orc
Aim: an orc, wielding a +0 mace and wearing a +0 chain mail (87% to hit)
The blast of sand hits the orc but does no damage.
The orc hits you with a +0 mace.
* * * LOW HITPOINT WARNING * * *
The orc hits you with a +0 mace!
* * * LOW HITPOINT WARNING * * *
??
HP[-6] MP[-1]
You take 6 damage, and now have 9/35 hp.
You lost 1 mp, and now have 1/11 mp.
Aiming: Sandblast (safe; 1% risk of failure)
Press: ? - help, Q - select action, (/) - cycle Shift-Dir - straight line, f/p - orc
Aim: an orc, wielding a +0 mace and wearing a +0 chain mail (87% to hit)
The blast of sand misses the orc.
The orc barely misses you. ??
HP[+1] MP[-1]
You lost 1 mp, and now have 0/11 mp.
You are too injured to fight recklessly!
You hit the orc but do no damage. The orc hits you with a +0 mace.
* * * LOW HITPOINT WARNING * * *
??
HP[-5]
You take 5 damage, and now have 5/35 hp.
You hit the orc but do no damage. The orc hits you with a +0 mace.
* * * LOW HITPOINT WARNING * * *
??
HP[-3]
You take 3 damage, and now have 2/35 hp.
You hit the orc but do no damage. The orc hits you with a +0 mace.
You die...

Skill      XL: |  1  2  3 |
---------------+----------+-----
Earth Magic    | 4 |  4.9
Spellcasting   | 3 |  3.5
Fighting       | 1 |  1.7
Conjurations   | 1 |  1.8
Dodging        | |  2.4
Stealth        | |  1.4
Transmutations | |  1.2

Action                   |  1- 3 |  4- 6 || total
-------------------------+-------+-------++-------
Melee: Dagger            |       |     3 ||     3
 Cast: Sandblast         |    24 |    14 ||    38
Armor: Robe              |       |     1 ||     1
Dodge: Dodged            |     4 |     7 ||    11

Levels and vault maps discovered:
D:1:      dpeg_arrival_ternary, layout_basic, dk_noncrumbling_2,
          chequers_serial_rivers_micro_d, chequers_serial_rivers_room_b,
          minmay_tetromino_l2
D:2:      layout_basic
D:3:      layout_rooms, nicolae_elyvilon_peaceful_grove, general_overflow_altar,
          chequers_ecumenical_altar_simple_redux,
          minmay_misc_feat_secret_circle, serial_park_tiny_1, minivault_14,
          uniq_crazy_yiuf_cottage, uniq_sigmund, uniq_jessica

Notes
Turn   | Place    | Note
-------+----------+-------------------------------------------
     0 | D:1      | Tollund the Meteoran Earth Elementalist began the quest for
                  | the Orb.
     0 | D:1      | Reached XP level 1. HP: 14/14 MP: 5/5
     0 | D:1      | magus.rc [v1.11.3]
   329 | D:1      | Reached XP level 2. HP: 22/22 MP: 3/6
   334 | D:1      | Reached skill level 4 in Earth Magic
   494 | D:1      | Glimpsed the power of Zot.
   544 | D:1      | Glimpsed the power of Zot.
   584 | D:1      | Glimpsed the power of Zot.
   594 | D:1      | Touched by the power of Zot.
   676 | D:2      | Reached skill level 3 in Spellcasting
   894 | D:2      | You pick up a book of Blood and begin reading...
   894 | D:2      | You add the spells Sublimation of Blood, Wereblood and
                  | Summon Hydra to your library.
   969 | D:2      | Reached skill level 1 in Fighting
   969 | D:2      | Reached XP level 3. HP: 22/22 MP: 6/8
  1017 | D:3      | Found a faded altar of an unknown god.
  1023 | D:3      | Learned a level 3 spell: Stone Arrow
  1028 | D:3      | Noticed Jessica
  1031 | D:3      | Killed Jessica
  1032 | D:3      | Reached skill level 1 in Conjurations
  1032 | D:3      | Reached XP level 4. HP: 28/28 MP: 8/10
  1128 | D:3      | HP: 5/28 [orc priest/+0 hand axe (5)]
  1131 | D:3      | Reached XP level 5. HP: 9/35 MP: 2/11
  1136 | D:3      | HP: 5/35 [orc/+0 mace (6)]
  1137 | D:3      | HP: 2/35 [orc/+0 mace (4)]
  1138 | D:3      | Slain by an orc

Vanquished Creatures
  An orc priest (D:3)
  Jessica (D:3)
  An adder (D:2)
  A dart slug (D:1)
  3 orcs (D:3)
  2 endoplasms
  A giant cockroach (D:2)
  A goblin (D:2)
  3 hobgoblins (D:2)
  A quokka (D:1)
  2 ball pythons
  2 frilled lizards
  2 kobolds (D:2)
  3 rats
24 creatures vanquished.

Table legend:
 A = Non-vault XP
 B = Vault XP
 C = Vault XP percentage of total XP
 D = Non-vault monster count
 E = Vault monster count
 F = Vault count percentage of total count
                 A         B        C        D         E       F
            +---------+---------+-------+---------+---------+-------
      Total |      89 |      43 |  32.6 |      21 |       3 |  12.5
            +---------+---------+-------+---------+---------+-------
        D:1 |       5 |       6 |  54.5 |       4 |       2 |  33.3
        D:2 |      31 |       0 |   0.0 |      12 |       0 |   0.0
        D:3 |      53 |      37 |  41.1 |       5 |       1 |  16.7
            +---------+---------+-------+---------+---------+-------

Illustrated notes

Table legend:
 A = Kills in this place as a percentage of kills in entire the game.
 B = Kills by you in this place as a percentage of kills by you in the entire game.
 C = Kills by friends in this place as a percentage of kills by friends in the entire game.
 D = Other kills in this place as a percentage of other kills in the entire game.
 E = Experience gained in this place as a percentage of experience gained in the entire game.
 F = Experience gained in this place divided by the number of levels of this place that you have seen.
                   A       B       C       D       E      F
               +-------+-------+-------+-------+-------+----------------------
         Total | 100.0 | 100.0 |   N/A |   N/A | 100.0 |  44.0
       Dungeon | 100.0 | 100.0 |   N/A |   N/A | 100.0 |  44.0
               +-------+-------+-------+-------+-------+----------------------

Table legend: (Time is in decaauts)
 A = Elapsed time spent in this place.
 B = Non-inter-level travel time spent in this place.
 C = Inter-level travel time spent in this place.
 D = Time resting spent in this place.
 E = Time spent auto-exploring this place.
 F = Levels seen in this place.
 G = Mean time per level.
                   A        B        C        D        E       F      G
               +--------+--------+--------+--------+--------+-----+--------+
         Total |   1158 |   1057 |    101 |      0 |    905 |   3 |  386.0 |
       Dungeon |   1158 |   1057 |    101 |      0 |    905 |   3 |  386.0 |
               +--------+--------+--------+--------+--------+-----+--------+

Top non-repeatable levels by time:
     D:1: 616 daAuts
     D:2: 404 daAuts
     D:3: 137 daAuts
